 Dungeon Crawl Stone Soup version 0.27-a0-695-gb4952372f7 (webtiles) character file.

Game seed: 15020214724094186744

4 jasper the Sneak (level 1, -11/14 HPs)
             Began as a Gargoyle Delver on Mar 21, 2021.
             Was an Initiate of Ashenzari.
             Killed by divine providence
             ... invoked by an orc priest
              (13 damage)
             ... in the Ecumenical Temple.
             The game lasted 00:01:02 (482 turns).

jasper the Sneak (Gargoyle Delver)                   Turns: 482, Time: 00:01:03

Health: -11/14     AC:  8    Str: 15    XL:     1   Next: 60%
Magic:  1/1        EV: 10    Int: 10    God:    Ashenzari [......]
Gold:   0          SH:  0    Dex: 11    Spells: 0/0 levels left

rFire    . . .     SeeInvis .   a - +0 hand axe
rCold    . . .     Faith    .   (no shield)
rNeg     + . .     Spirit   .   i - +0 ring mail
rPois    ∞         Reflect  .   (no helmet)
rElec    +         Harm     .   h - +0 cloak
rCorr    .         Rampage  .   (no gloves)
Will     .....                  (no boots)
Stlth    ++........             (no amulet)
HPRegen  0.04/turn              (no ring)
MPRegen  0.07/turn              (no ring)

@: no status effects
A: AC +2, negative energy resistance 1, electricity resistance, torment
resistance 1, unbreathing 1, petrification resistance
a: Renounce Religion


You were in the Ecumenical Temple.
You worshipped Ashenzari.
Ashenzari was noncommittal.
You visited 2 branches of the dungeon, and saw 3 of its levels.

Inventory:

Hand Weapons
 a - a +0 hand axe (weapon)
Missiles
 j - 7 stones (quivered)
Armour
 b - a +0 leather armour
 h - a +0 cloak (worn)
 i - a +0 ring mail (worn)
Wands
 g - a wand of digging (3)
Scrolls
 c - a scroll of fog
 d - a scroll of magic mapping
 k - a scroll of amnesia


   Skills:
 + Level 3.3 Fighting
 * Level 2.0 Axes
 + Level 0.3 Armour
 - Level 1.5 Dodging
 - Level 5.4 Stealth


You couldn't memorise any spells.
You didn't know any spells.
Your spell library was empty.

Dungeon Overview and Level Annotations

Branches:
Dungeon (5/15)             Temple (1/1) D:4

Altars:
Ashenzari
Dithmenos
Gozag
Kikubaaqudgha
Nemelex Xobeh
Qazlal
Ru
Sif Muna
Trog
Uskayaw
Yredelemnul
Zin


Innate Abilities, Weirdness & Mutations

Your stone body is resilient. (AC +2)
You are immune to poison.
You resist negative energy. (rN+)
You are resistant to electric shocks. (rElec)
You are resistant to unholy torment.
You can survive without breathing.
You are immune to petrification.


Message History

You feel yourself slow down.
You start resting.
HP restored.
Health restored: 14
There is a broken altar of Ashenzari here.
You kneel at the altar of Ashenzari.
Ashenzari welcomes you!
k - a scroll of amnesia Ashenzari warns you of distant threats and treasures.
Ashenzari reveals the structure of the dungeon to you.
Ashenzari shows you where magical portals lie.
Ashenzari prevents you from stumbling into unseen traps.
Ashenzari identifies your possessions.
Okay, then.
You aren't carrying any potions.
Unknown command.
There is a staircase back to the Dungeon here.
Okay, then.
You can't go down here!
You climb upwards.
There is a staircase to the Ecumenical Temple here.
The orc hits you with a +0 dagger. The orc priest hits you with a +0 club.
You climb downwards.
Welcome back to the Ecumenical Temple!
There is a staircase back to the Dungeon here.
You take 6 damage, and have 8/14 hp.
MASSIVE DAMAGE!!
You hit the orc priest.
The orc priest is lightly wounded.
You hit the orc but do no damage. The orc barely misses you.
The orc priest hits you with a +0 club. The orc closely misses you.
You take 1 damage, and have 7/14 hp.
You hit the orc priest but do no damage.
The orc priest is lightly wounded.
You hit the orc but do no damage. The orc priest hits you with a +0 club.
The orc hits you but does no damage.
The orc priest hits you but does no damage.
You take 1 damage, and have 6/14 hp.
You hit the orc priest.
The orc priest is heavily wounded.
You hit the orc but do no damage. The orc hits you with a +0 dagger.
* * * LOW HITPOINT WARNING * * *
The orc priest mumbles some strange prayers to Beogh against you.
Beogh smites you!
Ouch! That really hurt!
You die...

#########
##._..._.##
##_......._##
##...........##
#...≈≈≈.≈≈≈...#
#...≈≈≈.≈≈≈...#
#_..≈≈...≈≈.._#
#......@......#
#_..≈≈.oo≈≈.._#
#...≈≈≈.≈≈≈...#
#...≈≈≈.≈≈≈...#
##...........##
##_......._##
##._..._.##
#########


You could see an orc priest and an orc.

Vanquished Creatures
  A leopard gecko (D:4)
  A giant cockroach (D:4)
  A quokka skeleton (D:4)
3 creatures vanquished.

Notes
Turn   | Place    | Note
-------+----------+-------------------------------------------
     0 | D:5      | jasper the Gargoyle Delver began the quest for the Orb.
     0 | D:5      | Reached XP level 1. HP: 14/14 MP: 1/1
   125 | D:4      | Noticed an ogre
   129 | D:4      | Found a staircase to the Ecumenical Temple.
   129 | D:4      | Noticed an orc priest
   154 | Temple   | Entered the Ecumenical Temple
   469 | Temple   | Became a worshipper of Ashenzari the Shackled
   482 | Temple   | Killed from afar by an orc priest

Illustrated notes

Levels and vault maps discovered:
D:4:      layout_cave_pools, old_standard_altar, temple_green, serial_bayou,
          serial_bayou_lagoon_b, serial_bayou_crossing, serial_bayou_pond_a,
          serial_bayou_pond_b, lemuel_old_faithful, uniq_pikel
D:5:      layout_rooms, nzn_hepliaklqana_mist_gate, lemuel_round_altar,
          nrook_mini_backslash, chequers_serial_rivers_micro_a,
          kennysheep_windowed_goal
Temple:   nicolae_temple_no_exploring_needed

Skill      XL: |  1 |
---------------+----+-----
Axes           | 2 |  2.0
Fighting       | |  3.3
Armour         | |  0.3
Dodging        | |  1.5
Stealth        | |  5.4

Action                   || total
-------------------------++-------
Melee: Hand axe          ||    16
Throw: Stone             ||     3
  Use: Scroll            ||     1
       Potion            ||     1
 Stab: Sleeping          ||     1
Armor: Ring mail         ||     9
Dodge: Dodged            ||     9

Table legend: (Time is in decaauts)
 A = Elapsed time spent in this place.
 B = Non-inter-level travel time spent in this place.
 C = Inter-level travel time spent in this place.
 D = Time resting spent in this place.
 E = Time spent auto-exploring this place.
 F = Levels seen in this place.
 G = Mean time per level.
                   A        B        C        D        E       F      G
               +--------+--------+--------+--------+--------+-----+--------+
         Total |    470 |    470 |      0 |    347 |      0 |   3 |  156.7 |
       Dungeon |    152 |    152 |      0 |     48 |      0 |   2 |   76.0 |
        Temple |    318 |    318 |      0 |    299 |      0 |   1 |  318.0 |
               +--------+--------+--------+--------+--------+-----+--------+

Top non-repeatable levels by time:
  Temple: 318 daAuts
     D:4: 119 daAuts
     D:5: 33 daAuts
